 Dungeon Crawl Stone Soup version 0.26.0-18-gc5c842f807 (webtiles) character file.

Game seed: 948232906701444392

158855 trckry the Slinger (level 17, 0/144 HPs)
             Began as a Ghoul Hunter on Jan 24, 2021.
             Was the Champion of Okawaru.
             Slain by a spark wasp (11 damage)
             ... on level 4 of the Spider Nest.
             The game lasted 01:54:00 (46537 turns).

trckry the Slinger (Ghoul Hunter)                  Turns: 46537, Time: 01:54:01

Health: 0/144      AC: 35    Str: 19 (21) XL:     17   Next: 72%
Magic:  0/32       EV:  3    Int: 11 (13) God:    Okawaru [******]
Gold:   2194       SH: 16    Dex: 10      Spells: 16/16 levels left

rFire    + . .     SeeInvis +   a - +0 fustibalus (flame)
rCold    . . .     Faith    .   K - +0 tower shield
rNeg     + + +     Spirit   +   y - +0 crystal plate armour
rPois    ∞         Reflect  .   f - +2 helmet
rElec    .         Harm     .   F - +2 cloak
rCorr    .         Rampage  +   j - +2 pair of gloves {archery}
Will     +....                  Q - +0 pair of boots of the Pink Corner {Rampage *Drain MP+9 Int+7 Dex-3}
Stlth    ..........             V - amulet of guardian spirit
HPRegen  0.00/turn              k - ring "Jaid" {Fire Str-2 Dex+4 SInv Stlth+}
MPRegen  0.23/turn              C - +4 ring of protection

@: about to teleport, very slightly contaminated, studying Evocations, invisible
A: claws 1, cold resistance 1, negative energy resistance 3, inhibited
regeneration, torment resistance, unbreathing
a: Renounce Religion, Heroism, Finesse


You were on level 4 of the Spider Nest.
You worshipped Okawaru.
Okawaru was exalted by your worship.
You visited 5 branches of the dungeon, and saw 28 of its levels.
You also visited: Trove, Ossuary, Gauntlet, Ice Cave and Volcano.

You collected 2698 gold pieces.
You spent 504 gold pieces at shops.

Inventory:

Hand Weapons
 a - a +0 fustibalus of flaming (weapon)
 b - the +8 whip "Snakebite" {curare, rPois}
   (You found it on level 4 of the Lair of Beasts)

   It poisons the flesh of those it strikes.
   It protects you from poison.
 c - a +0 morningstar
 d - a +2 whip of electrocution
Missiles
 S - 8 curare-tipped darts
 W - 284 sling bullets (quivered ammo)
 X - 965 stones
Armour
 f - a +2 helmet (worn)
 j - a +2 pair of gloves of archery (worn)
 y - a +0 crystal plate armour (worn)
 F - a +2 cloak (worn)
 K - a +0 tower shield (worn)
 Q - the +0 pair of boots of the Pink Corner (worn) {Rampage *Drain MP+9 Int+7 Dex-3}
   (Okawaru gifted it to you in a volcano)

   It affects your intelligence (+7).
   It affects your dexterity (-3).
   It affects your magic capacity (+9).
   It causes draining when unequipped.
   It bestows one free step when moving towards enemies.
 R - the -4 helmet of the Meadowlark {+Fly rCorr}
   (Okawaru gifted it to you on level 1 of the Lair of Beasts)

   It lets you fly.
   It provides partial protection from all sources of acid and corrosion.
Jewellery
 k - the ring "Jaid" (left hand) {Fire Str-2 Dex+4 SInv Stlth+}
   (You found it on level 5 of the Dungeon)

   [ring of fire]

   It enhances your fire magic.
   It affects your strength (-2).
   It affects your dexterity (+4).
   It protects you from fire.
   It makes you vulnerable to cold.
   It lets you see invisible.
   It makes you more stealthy.
 v - a +6 ring of strength
 x - the ring of the Bouncing Suns {Wiz rElec rN+ Int+2}
   (You found it on level 4 of the Dungeon)

   [ring of wizardry]

   It improves your spell success rate.
   It affects your intelligence (+2).
   It insulates you from electricity.
   It protects you from negative energy.
 C - a +4 ring of protection (right hand)
 U - the ring "Kafe" {rC+ rN+ Dex+2}
   (You found it in a Gauntlet)

   [ring of protection from cold]

   It affects your dexterity (+2).
   It protects you from cold.
   It protects you from negative energy.
 V - an amulet of guardian spirit (around neck)
Wands
 e - a wand of iceblast (15)
 u - a wand of acid (11)
 w - a wand of paralysis (28)
 D - a wand of digging (11)
 G - a wand of polymorph (31)
 P - a wand of enslavement (6)
 Z - a wand of disintegration (37)
Scrolls
 h - 17 scrolls of remove curse
 i - 10 scrolls of teleportation
 r - 7 scrolls of enchant weapon
 s - 15 scrolls of identify
 A - 4 scrolls of fog
 B - 3 scrolls of enchant armour
 I - a scroll of magic mapping
 N - 2 scrolls of fear
 O - 6 scrolls of immolation
Potions
 g - 3 potions of heal wounds
 l - 2 potions of ambrosia
 p - 2 potions of might
 t - 8 potions of flight
 z - 10 potions of curing
 H - 7 potions of haste
 M - 4 potions of cancellation
 Y - a potion of resistance
Books
 q - a manual of Evocations
Miscellaneous
 m - a phial of floods
 o - a lightning rod (4/4)
 J - a phantom mirror
 L - a box of beasts
 T - a condenser vane


   Skills:
 + Level 11.4 Fighting
 * Level 13.1 Maces & Flails
 * Level 13.6 Slings
 + Level 9.5 Armour
 + Level 9.9 Dodging
 - Level 1.1 Stealth
 + Level 9.5 Shields
 - Level 10.0 Invocations
 + Level 10.6 Evocations


You had 16 spell levels left.
You didn't know any spells.
Your spell library contained the following spells:

 Spells                   Type           Power        Failure   Level
 Animate Skeleton         Necr           0%           100%        1
 Apportation              Tloc           0%           100%        1
 Corona                   Hex            0%           100%        1
 Foxfire                  Conj/Fire      0%           100%        1
 Magic Dart               Conj           0%           100%        1
 Pain                     Necr           0%           100%        1
 Sandblast                Erth           0%           100%        1
 Shock                    Conj/Air       0%           100%        1
 Summon Small Mammal      Summ           0%           100%        1
 Blink                    Tloc           N/A          100%        2
 Call Imp                 Summ           0%           100%        2
 Corpse Rot               Necr/Air       N/A          100%        2
 Ensorcelled Hibernation  Hex/Ice        0%           100%        2
 Passwall                 Tmut/Erth      0%           100%        2
 Slow                     Hex            0%           100%        2
 Swiftness                Air            0%           100%        2
 Call Canine Familiar     Summ           0%           100%        3
 Confusing Touch          Hex            0%           100%        3
 Conjure Flame            Conj/Fire      0%           100%        3
 Gell's Gravitas          Tloc           0%           100%        3
 Inner Flame              Hex/Fire       0%           100%        3
 Mephitic Cloud           Conj/Pois/Air  0%           100%        3
 Static Discharge         Conj/Air       0%           100%        3
 Stone Arrow              Conj/Erth      0%           100%        3
 Summon Guardian Golem    Hex/Summ       0%           100%        3
 Vampiric Draining        Necr           0%           100%        3
 Airstrike                Air            0%           100%        4
 Animate Dead             Necr           0%           100%        4
 Leda's Liquefaction      Hex/Erth       0%           100%        4
 Petrify                  Tmut/Erth      0%           100%        4
 Sticky Flame             Conj/Fire      0%           100%        4
 Summon Ice Beast         Ice/Summ       0%           100%        4
 Summon Lightning Spire   Summ/Air       0%           100%        4
 Agony                    Necr           0%           100%        5
 Bolt of Magma            Conj/Fire/Erth 0%           100%        5
 Borgnjor's Vile Clutch   Necr/Erth      0%           100%        5
 Fireball                 Conj/Fire      0%           100%        5
 Lee's Rapid Deconstruct  Erth           0%           100%        5
 Lightning Bolt           Conj/Air       0%           100%        5
 Metabolic Englaciation   Hex/Ice        0%           100%        5
 Silence                  Hex/Air        0%           100%        5
 Yara's Violent Unravell  Hex/Tmut       0%           100%        5
 Iron Shot                Conj/Erth      0%           100%        6
 Shadow Creatures         Summ           N/A          100%        6
 Shatter                  Erth           0%           100%        9
 Statue Form              Tmut/Erth      Unusable     N/A         6

Dungeon Overview and Level Annotations

Branches:
Dungeon (15/15)            Temple (1/1) D:4            Lair (6/6) D:9
  Swamp (0/4) Lair:3       Spider (4/4) Lair:4        Slime (0/5) Lair:5
    Orc (2/2) D:10            Elf (0/3) Orc:2        Vaults (0/5) D:14
 Depths (0/5) D:15        Ossuary (visited)           IceCv (visited)
Volcano (visited)         Gauntlet (visited)

Altars:
Ashenzari
Cheibriados
Dithmenos
Elyvilon
Fedhas
Gozag
Hepliaklqana
Kikubaaqudgha
Makhleb
Nemelex Xobeh
Okawaru
Qazlal
Ru
Sif Muna
Trog
Uskayaw
Vehumet
Wu Jian
Xom
Yredelemnul
Zin
The Shining One
Beogh

Shops:
D:8 *   D:11 !   Orc:2 *(}[=

Annotations:
D:15 3 runed translucent doors, Snicker's ghost, journeyman DsDe; Xiestris's ghost, journeyman DsGl; brae's ghost, adept HuBe
Lair:1 exclusion: 2 oklob plants
Lair:3 2 transporters


Innate Abilities, Weirdness & Mutations

You thrive by killing the living.
You are immune to poison.
You have sharp fingernails.
Your flesh is cold resistant. (rC+)
You are immune to negative energy. (rN+++)
You do not regenerate when monsters are visible.
You are immune to unholy pain and torment.
You can survive without breathing.


Message History

You are very lightly contaminated with residual magic.
Blink to where?
Press: ? - help, Dir - move target, p - ghost moth
As you read the scroll of blinking, it crumbles to dust.
The spark wasp bursts into living lightning!
The spark wasp blinks!
The spark wasp evades a web.
The spark wasp bursts into living lightning!
The spark wasp blinks!
Okay, then.
You feel much better. The spark wasp stings you!
* * * LOW HITPOINT WARNING * * *
The spark wasp shocks you!
* * * LOW HITPOINT WARNING * * *
You feel much better. The spark wasp completely misses you.
The spark wasp barely misses you.
As you read the scroll of teleportation, it crumbles to dust.
You feel strangely unstable. The spark wasp stings you!
* * * LOW HITPOINT WARNING * * *
The spark wasp shocks you!
You die...

≈†≈# †.≈# ######
.≈## ##.#..### ≈##
##.^.^^#^### ##
#..........##
#.......yy^.#
##....y......## #
#.......##.#y.## ##
#..y....####.@.####
.###y†..####
##..##^####
^^'(y.^##
#.....^#.## #
..'y...#
#.....^...## ##
..''...#
##....#.#..## ##.
≈###...#
#^......#...####..
## #..^#
##^###^###..<.#...
## #..^# ### ###
###...... ≈####..#
##.....


You could see a spark wasp and 2 hornets.

Vanquished Creatures
  Saint Roka (Orc:2)
  Rupert (Spider:1)
  Agnes (Spider:1)
  Donald (Spider:1)
  2 emperor scorpions
  3 ghost moths
  A fire giant (D:15)
  4 orc warlords
  Azrael (Spider:1)
  4 entropy weavers
  A minotaur (Gauntlet)
  A spark wasp (Spider:3)
  7 hydras
  3 boulder beetles
  Fannar (D:10)
  A hydra (shapeshifter) (Gauntlet)
  3 catoblepae (Lair:6)
  A death knight (D:12)
  4 two-headed ogres
  6 death yaks
  Urug (Orc:2)
  2 orc high priests
  A deep elf knight (Orc:1)
  Sonja (D:10)
  7 skeletal warriors
  An unseen horror (D:12)
  3 orc knights
  2 necromancers
  14 orb spiders
  4 deep elf magi
  A wolf spider zombie (D:14)
  21 wolf spiders
  An oklob plant (Lair:1)
  10 ugly things
  A cyclops (D:11)
  5 orc sorcerers
  2 manticores (Lair:6)
  An elephant (D:9)
  4 moths of wrath
  8 black mambas
  2 ice statues (IceCv)
  7 gargoyles
  2 torpor snails
  15 cane toads
  A smoke demon (Gauntlet)
  3 freezing wraiths (D:11)
  14 demonic crawlers
  5 komodo dragons
  11 ice devils
  2 polar bears
  26 jumping spiders
  7 trolls
  A jumping spider (shapeshifter) (D:15)
  A wolf spider simulacrum (D:14)
  2 tyrant leeches (Lair:3)
  13 blink frogs
  5 hornets
  3 harpy skeletons (Volcano)
  4 slime creatures (Lair:5)
  16 dream sheep
  3 flying skulls (Volcano)
  3 alligator skeletons (Volcano)
  28 tarantellas
  Sigmund (D:6)
  58 redbacks
  A shadow (D:13)
  3 fire elementals (Spider:1)
  3 vampires
  64 yaks
  7 basilisks
  A wraith (D:15)
  8 wyverns
  A golden eye (D:11)
  A swamp worm (Lair:3)
  10 wargs
  20 water moccasins
  A hell hound (Spider:1)
  A soldier ant (D:14)
  42 orc warriors
  3 ice beasts
  2 phantoms
  2 eyes of draining
  3 black bears
  4 ogres
  13 centaurs
  30 wolves
  2 big kobolds
  18 bullfrogs
  A water moccasin zombie (Ossuary)
  3 scorpions (D:9)
  18 killer bees
  2 troll skeletons (Volcano)
  15 wights
  15 electric eels
  5 howler monkeys
  2 crimson imps (Gauntlet)
  A quasit (D:12)
  A bullfrog skeleton (D:9)
  4 centaur zombies
  3 draconian simulacra (IceCv)
  23 orc priests
  Crazy Yiuf (D:5)
  9 hounds
  4 jellies
  34 orc wizards
  3 centaur skeletons
  6 iguanas
  2 troll simulacra (IceCv)
  10 worker ants
  4 hell rats (Lair:1)
  2 big kobold zombies (Ossuary)
  2 centaur simulacra (IceCv)
  A hound zombie (D:7)
  3 naga skeletons (Volcano)
  2 mummies (Ossuary)
  A howler monkey zombie (D:5)
  4 gnolls (D:6)
  12 adders
  3 ogre simulacra (IceCv)
  2 shadow imps
  An ufetubus (D:8)
  3 adder zombies (Ossuary)
  An adder skeleton (D:9)
  A worm (D:6)
  A dart slug (D:4)
  2 leopard geckos
  88 orcs
  2 ball pythons
  2 bats
  5 giant cockroaches
  4 goblins
  3 hobgoblins
  22 jackals
  3 quokkas
  3 frilled lizards
  3 gnoll zombies (Ossuary)
  6 hobgoblin zombies (Ossuary)
  11 kobolds
  3 kobold zombies (Ossuary)
  A leopard gecko skeleton (D:5)
  7 orc zombies (Ossuary)
  A quokka skeleton (D:8)
  5 rats
986 creatures vanquished.

Vanquished Creatures (collateral kills)
  An electric eel (Lair:5)
1 creature vanquished.

Vanquished Creatures (others)
  A demonic crawler (Spider:1)
  A jumping spider (Spider:3)
  A warg (Orc:1)
  An orc wizard (D:3)
  35 fungi
  57 plants
  4 withered plants (D:15)
100 creatures vanquished.

Grand Total: 1087 creatures vanquished

Notes
Turn   | Place    | Note
-------+----------+-------------------------------------------
     0 | D:1      | trckry the Ghoul Hunter began the quest for the Orb.
     0 | D:1      | Reached XP level 1. HP: 17/17 MP: 0/0
    43 | D:1      | Reached XP level 2. HP: 13/24 MP: 1/1
   633 | D:1      | Reached XP level 3. HP: 30/30 MP: 2/2
   643 | D:1      | Reached skill level 1 in Maces & Flails
  1606 | D:2      | Found a white marble altar of Elyvilon.
  1811 | D:2      | Reached XP level 4. HP: 37/37 MP: 3/3
  2153 | D:2      | Found a shimmering altar of Xom.
  2481 | D:3      | Reached skill level 1 in Armour
  2492 | D:3      | Reached skill level 1 in Invocations
  2778 | D:3      | Found an iron altar of Okawaru.
  2815 | D:3      | Became a worshipper of Warmaster Okawaru
  3109 | D:3      | Reached XP level 5. HP: 42/42 MP: 4/4
  3575 | D:4      | Noticed a phantom
  3596 | D:4      | Reached skill level 1 in Shields
  3596 | D:4      | Reached skill level 1 in Evocations
  3847 | D:4      | Killed a phantom
  3848 | D:4      | Reached XP level 6. HP: 38/50 MP: 6/6
  4088 | D:4      | Got a warped copper ring
  4091 | D:4      | Found a staircase to the Ecumenical Temple.
  4094 | D:4      | Reached * piety under Okawaru
  4411 | Temple   | Entered the Ecumenical Temple
  4684 | D:5      | Entered Level 5 of the Dungeon
  4923 | D:5      | Got a faintly glowing platinum ring
  4931 | D:5      | Identified the ring of the Bouncing Suns {Wiz rElec rN+
                  | Int+2} (You found it on level 4 of the Dungeon)
  4933 | D:5      | Identified the ring "Rotast" {*Tele +Inv Str+4} (You found
                  | it on level 5 of the Dungeon)
  4996 | D:5      | Got a transparent wooden ring
  4998 | D:5      | Identified the ring "Jaid" {Fire Str-2 Dex+4 SInv Stlth+}
                  | (You found it on level 5 of the Dungeon)
  5433 | D:5      | Found a runed translucent door.
  5434 | D:5      | Noticed Crazy Yiuf
  5809 | D:5      | Killed Crazy Yiuf
  5810 | D:5      | Reached XP level 7. HP: 57/57 MP: 7/7
  6080 | D:6      | Noticed Sigmund
  6089 | D:6      | Killed Sigmund
  6089 | D:6      | Reached ** piety under Okawaru
  6090 | D:6      | Reached skill level 5 in Slings
  6468 | D:6      | Reached XP level 8. HP: 63/63 MP: 7/9
  7250 | D:6      | Reached *** piety under Okawaru
  7690 | D:7      | Reached XP level 9. HP: 71/71 MP: 10/10
  7714 | D:7      | Found an opulent altar of Gozag.
  8606 | D:8      | Noticed Psyche
  8610 | D:8      | Noticed Psyche
  8610 | D:8      | Psyche changed into Psyche the big kobold
  8624 | D:8      | Killed Psyche the big kobold
  8729 | D:8      | Found Keiphof's Changing Room.
  8769 | D:8      | Reached **** piety under Okawaru
  8769 | D:8      | Noticed a two-headed ogre
  8787 | D:8      | Killed a two-headed ogre
  8788 | D:8      | Reached skill level 5 in Fighting
  8788 | D:8      | Reached skill level 5 in Maces & Flails
  8793 | D:8      | Reached XP level 10. HP: 52/81 MP: 12/12
  8877 | D:8      | Found a sand-covered staircase.
  8885 | Ossuary  | Entered an ossuary
  9209 | Ossuary  | Reached ***** piety under Okawaru
 10016 | D:9      | Noticed a death yak
 10017 | D:9      | Found a staircase to the Lair.
 10017 | D:9      | Noticed an elephant
 10231 | D:9      | Received a gift from Okawaru
 10257 | D:9      | Killed an elephant
 10344 | D:10     | Entered Level 10 of the Dungeon
 10444 | D:9      | Killed a death yak
 10445 | D:9      | Reached skill level 5 in Invocations
 10972 | D:9      | Received a gift from Okawaru
 11764 | D:11     | Reached XP level 11. HP: 89/89 MP: 14/14
 11807 | D:11     | Reached skill level 5 in Dodging
 12091 | D:11     | Noticed Erolcha
 12096 | D:11     | Noticed Erolcha
 12096 | D:11     | Erolcha changed into Erolcha the golden eye
 12117 | D:11     | Killed Erolcha the golden eye
 12300 | D:11     | Found Jad Bit's Distillery.
 12315 | D:11     | Bought a potion of haste for 120 gold pieces
 12315 | D:11     | Bought 2 potions of heal wounds for 120 gold pieces
 12315 | D:11     | Bought a potion of curing for 36 gold pieces
 12315 | D:11     | Bought a potion of heal wounds for 60 gold pieces
 12320 | D:11     | Noticed a boulder beetle
 12368 | D:11     | Killed a boulder beetle
 12368 | D:11     | Received a gift from Okawaru
 12545 | D:11     | Noticed a cyclops
 12562 | D:11     | Killed a cyclops
 12580 | D:11     | Received a gift from Okawaru
 12596 | D:11     | Got a scorched chain mail {god gift}
 12607 | D:11     | Identified the +6 chain mail of Rotation {*Drain rN+ Int+5}
                  | (Okawaru gifted it to you on level 11 of the Dungeon)
 12648 | D:11     | Noticed a brown ugly thing
 12675 | D:11     | Killed a brown ugly thing
 12844 | D:11     | Noticed a skeletal warrior
 12863 | D:11     | Noticed a skeletal warrior
 12890 | D:11     | Noticed a skeletal warrior
 13056 | D:10     | Noticed a cyan ugly thing
 13083 | D:10     | Killed a cyan ugly thing
 13084 | D:10     | Reached skill level 5 in Evocations
 13216 | D:10     | Reached skill level 5 in Armour
 13251 | D:10     | Reached skill level 5 in Shields
 13399 | D:10     | Noticed Fannar
 13483 | D:10     | Killed Fannar
 14004 | D:10     | Noticed Sonja
 14028 | D:10     | Found a staircase to the Orcish Mines.
 14128 | D:10     | Killed Sonja
 14948 | D:10     | Reached XP level 12. HP: 97/97 MP: 15/15
 15996 | D:12     | Noticed a death knight
 16411 | D:12     | Noticed a boulder beetle
 16450 | D:12     | Killed a boulder beetle
 16491 | D:12     | Received a gift from Okawaru
 16760 | D:12     | Noticed Maurice
 16763 | D:12     | Noticed Maurice
 16763 | D:12     | Maurice changed into Maurice the howler monkey
 16769 | D:12     | Killed Maurice the howler monkey
 16816 | D:12     | Killed a death knight
 17026 | D:12     | Found a portal to a secret trove of treasure.
 17728 | Lair:1   | Entered Level 1 of the Lair of Beasts
 17970 | Lair:1   | Noticed a seven-headed hydra
 18065 | D:9      | Killed a seven-headed hydra
 18066 | D:9      | Reached XP level 13. HP: 37/107 MP: 9/17
 19589 | Lair:1   | Reached skill level 10 in Slings
 20050 | Lair:1   | Received a gift from Okawaru
 20053 | Lair:1   | Got a fine helmet {god gift}
 20064 | Lair:1   | Identified the -4 helmet of the Meadowlark {+Fly rCorr}
                  | (Okawaru gifted it to you on level 1 of the Lair of Beasts)
 20751 | Lair:2   | Found the +5 robe of Night {Dark Will+ SInv}
 21339 | Lair:2   | Found the +10 Black Knight's barding {ponderous, rPois rN+}
 21833 | Lair:3   | Found a gate leading to a gauntlet.
 21862 | Gauntlet | Entered a Gauntlet
 21862 | Gauntlet | Found a transporter.
 21862 | Gauntlet | Found a transporter.
 21862 | Gauntlet | Found a runed translucent door.
 21870 | Gauntlet | Found a runed translucent door.
 21871 | Gauntlet | Found a transporter.
 21874 | Gauntlet | Found a transporter.
 21891 | Gauntlet | Found a transporter.
 21900 | Gauntlet | Found a transporter.
 21903 | Gauntlet | Found a transporter.
 21911 | Gauntlet | Found a transporter.
 21926 | Gauntlet | Found a runed translucent gate.
 21927 | Gauntlet | Found a transporter.
 21927 | Gauntlet | Found a runed translucent gate.
 21928 | Gauntlet | Found a runed translucent gate.
 21941 | Gauntlet | Found a transporter.
 21945 | Gauntlet | Found a transporter.
 21953 | Gauntlet | Found a transporter.
 22143 | Gauntlet | Noticed an ice dragon
 22143 | Gauntlet | a goliath frog changed into an ice dragon
 22155 | Gauntlet | an ice dragon changed into a boulder beetle
 22215 | Gauntlet | Noticed a fire dragon
 22215 | Gauntlet | a boulder beetle changed into a fire dragon
 22232 | Gauntlet | a fire dragon changed into a five-headed hydra
 22248 | Gauntlet | Got a steaming glass ring
 22505 | Gauntlet | Identified the ring "Kafe" {rC+ rN+ Dex+2} (You found it in
                  | a Gauntlet)
 22527 | Gauntlet | Identified the +3 war axe "Ceopliol" {elec, Will- Dex+4
                  | SInv}
 22527 | Gauntlet | Noticed a minotaur
 22544 | Gauntlet | Killed a minotaur
 22598 | Gauntlet | Identified the Almanac of Glacial Weightlessness
 22677 | Gauntlet | Identified the amulet of Xatitit {Inacc rElec rF- rC-
                  | Dex+8} (You found it in a Gauntlet)
 22908 | Lair:3   | Found a staircase to the Swamp.
 23040 | Lair:3   | Found a transporter.
 23040 | Lair:3   | Found a transporter.
 23639 | Lair:4   | Received a gift from Okawaru
 23843 | Lair:4   | Received a gift from Okawaru
 23944 | Lair:4   | Reached XP level 14. HP: 116/116 MP: 13/19
 24018 | Lair:4   | Found a hole to the Spider Nest.
 24578 | Lair:4   | Reached skill level 10 in Maces & Flails
 24589 | Lair:4   | Found the +8 whip "Snakebite" {curare, rPois}
 25182 | Lair:5   | Received a gift from Okawaru
 25227 | Lair:5   | Found a staircase to the Slime Pits.
 25634 | Lair:5   | Received a gift from Okawaru
 25944 | Lair:5   | Received a gift from Okawaru
 26368 | Lair:6   | Entered Level 6 of the Lair of Beasts
 26574 | Lair:6   | Received a gift from Okawaru
 26713 | Lair:6   | Received a gift from Okawaru
 28954 | D:13     | Reached XP level 15. HP: 117/125 MP: 16/20
 28967 | D:13     | Received a gift from Okawaru
 29978 | D:14     | Found a gate to the Vaults.
 31292 | D:15     | Entered Level 15 of the Dungeon
 31337 | D:15     | Found a frozen archway.
 31390 | IceCv    | Entered an ice cave
 31582 | IceCv    | Reached ****** piety under Okawaru
 32007 | IceCv    | Identified the +1 chain mail of Zuz Cuut {rElec} (You found
                  | it in an ice cave)
 32076 | IceCv    | Received a gift from Okawaru
 32437 | D:12     | You paid a toll of +3 fire dragon scales to enter a
                  | treasure trove
 32438 | Trove    | Entered a treasure trove
 32556 | D:15     | Found a sparkling altar of Nemelex Xobeh.
 32596 | D:15     | Received a gift from Okawaru
 32857 | D:15     | Found a runed translucent gate.
 32857 | D:15     | Found a runed translucent gate.
 32857 | D:15     | Found a runed translucent gate.
 32857 | D:15     | Noticed brae's ghost (adept HuBe)
 32857 | D:15     | Noticed Snicker's ghost (journeyman DsDe)
 32861 | D:15     | Noticed Xiestris's ghost (journeyman DsGl)
 32908 | D:15     | Found a staircase to the Depths.
 32908 | D:15     | Noticed a fire giant
 32937 | D:15     | Killed a fire giant
 33519 | Orc:1    | Entered Level 1 of the Orcish Mines
 33607 | Orc:1    | Noticed an orc warlord
 33713 | D:10     | Killed an orc warlord
 33879 | Orc:1    | Reached skill level 10 in Fighting
 33994 | Orc:1    | Identified the +8 scimitar of the Ring {drain, +Rage rPois}
 34494 | Orc:1    | Noticed an orc warlord
 34519 | Orc:1    | Killed an orc warlord
 34777 | Orc:1    | Noticed an orc warlord
 35226 | Orc:1    | Killed an orc warlord
 35640 | Orc:1    | Received a gift from Okawaru
 35652 | Orc:1    | Noticed an orc warlord
 35854 | Orc:1    | Killed an orc warlord
 35854 | Orc:1    | Received a gift from Okawaru
 36049 | Orc:2    | Entered Level 2 of the Orcish Mines
 36103 | Orc:2    | Found a dark tunnel.
 36118 | Volcano  | Entered a volcano
 36177 | Volcano  | Reached XP level 16. HP: 126/134 MP: 20/22
 36783 | Volcano  | Received a gift from Okawaru
 36786 | Volcano  | Got a pair of fine boots {god gift}
 36796 | Volcano  | Identified the +0 pair of boots of the Pink Corner {Rampage
                  | *Drain MP+9 Int+7 Dex-3} (Okawaru gifted it to you in a
                  | volcano)
 37256 | Orc:2    | Found Daso Figh's Gadget Shoppe.
 37467 | Orc:2    | Found a staircase to the Elven Halls.
 37582 | Orc:2    | Noticed Saint Roka
 37643 | Orc:2    | Killed Saint Roka
 37644 | Orc:2    | Reached skill level 10 in Invocations
 37650 | Orc:2    | HP: 10/135 [orc high priest/divine providence (16)]
 38036 | Orc:2    | Noticed Urug
 38066 | Orc:2    | Killed Urug
 38741 | Orc:2    | Found a roughly hewn altar of Beogh.
 38750 | Orc:2    | Found Yqusoggoyba's Antique Weapon Shop.
 38847 | Orc:2    | Found Ratups's Antique Armour Shop.
 38932 | Orc:2    | Found Diyjaan's Jewellery Shop.
 38946 | Orc:2    | Found Fewuevudgh's General Store.
 38954 | Orc:2    | Bought a potion of heal wounds for 70 gold pieces
 38954 | Orc:2    | Bought a potion of heal wounds for 70 gold pieces
 38954 | Orc:2    | Bought a scroll of identify for 28 gold pieces
 39427 | Spider:1 | Entered Level 1 of the Spider Nest
 39468 | Spider:1 | Noticed Donald
 39500 | Spider:1 | Killed Donald
 39711 | Spider:1 | Noticed Azrael
 39740 | Spider:1 | Killed Azrael
 40439 | Spider:1 | Noticed Rupert
 40466 | Spider:1 | Killed Rupert
 40952 | Spider:1 | Noticed Agnes
 40974 | Spider:1 | Killed Agnes
 40974 | Spider:1 | Received a gift from Okawaru
 42299 | Spider:2 | Reached XP level 17. HP: 97/143 MP: 23/23
 42495 | Spider:2 | Identified a scroll of acquirement
 42495 | Spider:2 | Acquired a +0 crystal plate armour
 42672 | Spider:2 | Received a gift from Okawaru
 42920 | Spider:2 | Found the +8 glaive of the Guard {elec, spectral, AC+5}
 43319 | Spider:3 | Reached skill level 10 in Evocations
 43447 | Spider:3 | Received a gift from Okawaru
 44750 | Spider:4 | Entered Level 4 of the Spider Nest
 45123 | Spider:4 | Received a gift from Okawaru
 46528 | Spider:4 | HP: 14/144 [spark wasp (15)]
 46528 | Spider:4 | HP: 3/144 [hornet (10)]
 46534 | Spider:4 | HP: 2/144 [spark wasp (14)]
 46537 | Spider:4 | Slain by a spark wasp

Illustrated notes

Levels and vault maps discovered:
D:1:      kennysheep_arrival_seaside, layout_loops_ring
D:2:      layout_loops_corners, lemuel_coloured_pillars_altar, elyvilon_altar_4
D:3:      layout_basic, okawaru_trees_1
D:4:      layout_loops_ring, temple_fountains
D:5:      layout_basic, uniq_crazy_yiuf_cottage
D:6:      layout_loops_ring, uniq_sigmund
D:7:      layout_basic, grunt_gozag_breadcrumbs
D:8:      layout_basic, nicolae_ossuary_entry_plus, serial_park_tiny_2,
          serial_park_tiny_pond, nicolae_transmutations_shop, uniq_psyche
D:9:      layout_rooms, david_lair_generic, kennysheep_minor_cross
D:10:     erik_rubicon_a, layout_basic, david_orc_3, uniq_fannar, uniq_sonja
D:11:     layout_long_grid, serial_shops, shop_coins, uniq_erolcha
D:12:     layout_cave_pools, nicolae_trove_entry_free_sample, uniq_maurice
D:13:     layout_cave_pods
D:14:     layout_stronghold, david_vaults_1, chequers_serial_rivers_marsh,
          chequers_serial_rivers_micro_e
D:15:     grunt_enter_depths_giant_problem, layout_cave_pools,
          portal_ice_cave_demonic_guard, nemelex_xobeh_ov_fountains_minmay,
          gammafunk_ghost_cemetery
Temple:   nicolae_temple_the_god_donut
Lair:1:   minmay_lair_oklob_tunnel, layout_small_grid, serial_forest,
          infiniplex_forest_lined_2, infiniplex_forest_corner_2,
          infiniplex_forest_lined_3, infiniplex_forest_clump_double,
          infiniplex_forest_end_1, infiniplex_forest_lined_room_3,
          infiniplex_forest_3_way, infiniplex_forest_lined_3,
          infiniplex_forest_clump_medium, infiniplex_forest_clump_curved
Lair:2:   layout_misc_corridors, lemuel_fruit_tree, serial_bayou_shore_a,
          grunt_megastairs_4
Lair:3:   gammafunk_boulding_lane, layout_chaotic_city,
          minmay_swamp_entry_worms, gauntlet_entry_generic
Lair:4:   minmay_guarded_unrand_snakebite, layout_gridlike,
          spider_nest_entry_rubble, serial_forest,
          infiniplex_forest_clump_double, infiniplex_forest_corner_2,
          infiniplex_forest_lined_2, infiniplex_forest_3_way,
          infiniplex_forest_lined_room_3, infiniplex_forest_lined_2,
          columned_hall_lemuel
Lair:5:   layout_regular_city, minmay_slime_entry_pillars, serial_bayou_lake_a
Lair:6:   evilmike_catoblepas_cave, layout_gridlike, grunt_forest_stairs_basic,
          grunt_megastairs_3
Spider:1: layout_spider_delve, uniq_rupert, uniq_donald, uniq_azrael, uniq_agnes
Spider:2: layout_spider_delve
Spider:3: layout_chambers, hangedman_spider_tarantella_strand
Spider:4: spider_rune_water
Orc:1:    layout_diamond_mine, elf_legates
Orc:2:    grunt_orc_cross, layout_diamond_mine, enter_volcano_4, serial_shops,
          nicolae_shop_trees, guppyfry_library_mini

Skill      XL: |  1  2  3  4  5  6  7  8  9 10 11 12 13 14 15 16 17 |
---------------+----------------------------------------------------+-----
Maces & Flails | 1 2 3 4 5 6 7 8 9 10 11 12 13 | 13.1
Dodging        | 2 3 4 5 6 7 8 9 |  9.9
Slings         | 4 5 6 7 8 9 10 11 12 13 | 13.6
Armour         | 1 2 3 4 5 6 7 8 9 |  9.5
Invocations    | 1 2 3 4 5 6 7 8 9 10 | 10.0
Shields        | 1 2 3 4 5 6 7 8 9 |  9.5
Evocations     | 1 2 3 4 5 6 7 8 9 10 | 10.6
Fighting       | 3 4 5 6 7 8 9 10 11 | 11.4
Stealth        | |  1.1

Action                   |  1- 3 |  4- 6 |  7- 9 | 10-12 | 13-15 | 16-18 || total
-------------------------+-------+-------+-------+-------+-------+-------++-------
Melee: Short sword       |     4 |       |       |       |       |       ||     4
       Whip              |       |    41 |   287 |  1050 |  1899 |  1500 ||  4777
       Punch             |       |       |       |     5 |     1 |       ||     6
       Morningstar       |       |       |       |       |   161 |   142 ||   303
 Fire: Hunting sling     |   103 |   155 |    45 |   209 |   289 |       ||   801
       Fustibalus        |       |       |       |       |       |    20 ||    20
Throw: Dart              |       |       |       |     4 |     7 |     3 ||    14
Invok: Heroism           |       |       |       |     7 |     6 |       ||    13
       Finesse           |       |       |       |     3 |     6 |       ||     9
 Abil: Evoke Flight      |       |       |       |       |     1 |       ||     1
Evoke: Wand              |       |       |     2 |    18 |     2 |       ||    22
  Use: Scroll            |       |     2 |       |    12 |    11 |    10 ||    35
       Potion            |       |       |       |     2 |    10 |     9 ||    21
 Stab: Paralysed         |       |       |       |    36 |       |       ||    36
       Invisible         |       |       |       |       |     1 |       ||     1
Armor: Leather armour    |    31 |       |       |       |       |       ||    31
       Chain mail        |       |    48 |    69 |       |       |       ||   117
       Plate armour      |       |       |    98 |   656 |  1049 |   527 ||  2330
       Crystal plate arm |       |       |       |       |       |   640 ||   640
Dodge: Dodged            |    52 |    28 |   122 |   590 |   760 |   284 ||  1836
Block: Tower shield      |       |       |       |       |    67 |  1407 ||  1474
